General information
			
			
        
        - name: BNet
 
        - type: Ladder team game (AT/RT)
 
        - host: Battle.net
 
        - saver: Rezifut
 
        
map: TwistedMeadows 
        - players: 4
 
        - length: 20:30
 
        - speed: Fast
 - version: 1.22 W3XP
 - replay type:  Public
 
» download(117 KB)
Players
        team 1 (loser) 
              
              
iNt]Quim (
blue | 130 APM | 2624 actions | 20:09)
              
 5 Death Knight 
 3 Death Coil
 2 Unholy Aura
 4 Lich 
 2 Frost Nova
 2 Frost Armor
 
                » actions 
                
                | Assign group hotkey | 35 |  | 
| Basic commands | 213 |  | 
| Build / train | 71 |  | 
| ESC pressed | 4 |  | 
| Enter build submenu | 20 |  | 
| Enter hero's abilities submenu | 9 |  | 
| Give item / drop item | 7 |  | 
| Right click | 1143 |  | 
| Select / deselect | 334 |  | 
| Select group hotkey | 702 |  | 
| Use ability | 86 |  | 
                2624 total
 » units 
                
                | Acolyte | 12 |  | 
| Ghoul | 4 |  | 
| Crypt Fiend | 9 |  | 
| Frost Wyrm | 6 |  | 
                31 total
 » upgrades
                
                | Creature Attack | 2 |  | 
| Creature Carapace | 4 |  | 
| Burrow | 1 |  | 
| Web | 1 |  | 
| Freezing Breath | 1 |  | 
                9 total
 » buildings
                
                | Crypt | 1 |  | 
| Graveyard | 1 |  | 
| Altar of Darkness | 1 |  | 
| Ziggurat | 10 |  | 
| Tomb of Relics | 1 |  | 
| Nerubian Tower | 1 |  | 
| Halls of the Dead | 1 |  | 
| Black Citadel | 3 |  | 
| Sacrificial Pit | 1 |  | 
| Boneyard | 2 |  | 
| Spirit Tower | 3 |  | 
| Necropolis | 1 |  | 
                26 total
 » build order
                00:05 Crypt
00:07 Graveyard
00:33 Altar of Darkness
00:44 Ziggurat
01:11 Tomb of Relics
01:41 Nerubian Tower
02:00 Ziggurat
02:03 Ziggurat
03:34 Halls of the Dead
04:45 Ziggurat
07:04 Black Citadel
07:04 Black Citadel
07:04 Black Citadel
08:04 Sacrificial Pit
08:05 Ziggurat
09:56 Boneyard
09:58 Boneyard
10:02 Ziggurat
11:27 Ziggurat
13:00 Spirit Tower
13:34 Ziggurat
13:35 Ziggurat
13:37 Ziggurat
14:28 Spirit Tower
14:37 Spirit Tower
17:15 Necropolis
» items
                
                | Rod of Necromancy | 3 |  | 
| Dust of Appearance | 1 |  | 
| Orb of Corruption | 1 |  | 
| Sacrificial Skull | 1 |  | 
                6 total
  
               
              
              
iNt]Spree (
green | 109 APM | 2226 actions | 20:28)
              
 4 Demon Hunter 
 2 Mana Burn
 2 Evasion
 1 Naga Sea Witch 
 1 Frost Arrows
 1 Goblin Alchemist 
 1 Acid Bomb
 
                » actions 
                
                | Assign group hotkey | 837 |  | 
| Basic commands | 2 |  | 
| Build / train | 87 |  | 
| ESC pressed | 13 |  | 
| Enter build submenu | 26 |  | 
| Enter hero's abilities submenu | 6 |  | 
| Give item / drop item | 1 |  | 
| Right click | 701 |  | 
| Select / deselect | 266 |  | 
| Select group hotkey | 209 |  | 
| Use ability | 78 |  | 
                2226 total
 » units 
                
                | Wisp | 48 |  | 
| Huntress | 9 |  | 
| Hippogryph | 4 |  | 
| Archer | 6 |  | 
| Druid of the Talon | 7 |  | 
                74 total
 » buildings
                
                | Altar of Elders | 1 |  | 
| Moon Well | 12 |  | 
| Ancient of War | 1 |  | 
| Hunter's Hall | 1 |  | 
| Tree of Ages | 2 |  | 
| Tree of Life | 2 |  | 
| Tree of Eternity | 1 |  | 
| Ancient of Wind | 2 |  | 
| Ancient Protector | 4 |  | 
                26 total
 » build order
                00:03 Altar of Elders
00:13 Moon Well
01:48 Ancient of War
01:51 Hunter's Hall
02:05 Moon Well
02:23 Moon Well
04:45 Tree of Ages
05:30 Moon Well
05:59 Moon Well
06:57 Tree of Life
08:58 Tree of Eternity
09:32 Ancient of Wind
09:47 Ancient of Wind
10:43 Moon Well
10:45 Moon Well
10:49 Moon Well
10:51 Moon Well
12:47 Tree of Life
13:36 Moon Well
13:40 Moon Well
13:43 Moon Well
14:05 Tree of Ages
16:08 Ancient Protector
16:38 Ancient Protector
16:55 Ancient Protector
17:15 Ancient Protector
» items
                 
               team 2 (winner) 
              
              
GOKUMaN69 (
red | 69 APM | 1409 actions | 20:29)
              
 6 Blademaster 
 3 Wind Walk
 2 Critical Strike
 1 Bladestorm
 
                » actions 
                
                | Assign group hotkey | 8 |  | 
| Build / train | 70 |  | 
| Enter build submenu | 36 |  | 
| Enter hero's abilities submenu | 6 |  | 
| Give item / drop item | 5 |  | 
| Remove unit from queue | 3 |  | 
| Right click | 761 |  | 
| Select / deselect | 321 |  | 
| Select group hotkey | 102 |  | 
| Use ability | 97 |  | 
                1409 total
 » units 
                » upgrades
                
                | Liquid Fire | 1 |  | 
| Ranged Weapons | 3 |  | 
| Reinforced Defenses | 1 |  | 
                5 total
 » buildings
                
                | Altar of Storms | 1 |  | 
| Orc Burrow | 4 |  | 
| War Mill | 1 |  | 
| Watch Tower | 22 |  | 
| Voodoo Lounge | 1 |  | 
| Stronghold | 1 |  | 
| Fortress | 1 |  | 
| Beastiary | 2 |  | 
| Great Hall | 1 |  | 
                34 total
 » build order
                00:05 Altar of Storms
00:23 Orc Burrow
00:41 War Mill
01:54 Watch Tower
02:17 Watch Tower
02:22 Voodoo Lounge
02:59 Stronghold
03:43 Watch Tower
03:44 Watch Tower
04:25 Orc Burrow
04:56 Watch Tower
04:59 Watch Tower
05:06 Watch Tower
05:23 Fortress
05:49 Beastiary
06:08 Beastiary
06:22 Orc Burrow
08:19 Orc Burrow
11:09 Watch Tower
11:27 Watch Tower
11:29 Watch Tower
11:32 Watch Tower
14:01 Watch Tower
14:08 Watch Tower
15:06 Watch Tower
17:19 Watch Tower
17:23 Watch Tower
17:25 Watch Tower
17:26 Watch Tower
18:51 Watch Tower
19:22 Watch Tower
19:23 Watch Tower
19:44 Watch Tower
19:47 Great Hall
» items
                
                | Lesser Clarity Potion | 9 |  | 
| Healing Salve | 6 |  | 
| Boots of Speed | 1 |  | 
| Staff of Teleportation | 1 |  | 
| Scroll of Speed | 1 |  | 
| Orb of Lightning | 1 |  | 
| Potion of Mana | 1 |  | 
                20 total
  
               
              
              
Rezifut (
yellow | 63 APM | 1295 actions | 20:30)
              
 3 Archmage 
 2 Blizzard
 1 Brilliance Aura
 
                » actions 
                
                | Assign group hotkey | 36 |  | 
| Build / train | 82 |  | 
| Enter build submenu | 56 |  | 
| Enter hero's abilities submenu | 3 |  | 
| Remove unit from queue | 3 |  | 
| Right click | 592 |  | 
| Select / deselect | 275 |  | 
| Select group hotkey | 141 |  | 
| Use ability | 107 |  | 
                1295 total
 » units 
                
                | Peasant | 14 |  | 
| Sorceress | 2 |  | 
| Mortar Team | 10 |  | 
                26 total
 » upgrades
                
                | Masonry | 2 |  | 
| Sorceress Training | 1 |  | 
| Lumber Harvesting | 1 |  | 
| Magic Sentry | 1 |  | 
| Gunpowder | 1 |  | 
                6 total
 » buildings
                
                | Altar of Kings | 1 |  | 
| Lumber Mill | 1 |  | 
| Farm | 5 |  | 
| Scout Tower | 45 |  | 
| Arcane Tower | 1 |  | 
| Guard Tower | 30 |  | 
| Arcane Vault | 1 |  | 
| Keep | 1 |  | 
| Arcane Sanctum | 1 |  | 
| Blacksmith | 1 |  | 
| Workshop | 3 |  | 
| Town Hall | 1 |  | 
                91 total
 » build order
                00:06 Altar of Kings
00:19 Lumber Mill
00:34 Farm
01:05 Scout Tower
01:38 Farm
01:40 Arcane Tower
01:49 Scout Tower
02:05 Scout Tower
02:16 Guard Tower
02:20 Scout Tower
02:41 Guard Tower
02:48 Guard Tower
02:51 Scout Tower
03:28 Guard Tower
03:44 Scout Tower
03:51 Scout Tower
04:05 Arcane Vault
04:14 Scout Tower
04:36 Keep
04:37 Guard Tower
04:42 Guard Tower
04:47 Guard Tower
05:30 Scout Tower
05:59 Guard Tower
06:44 Scout Tower
06:51 Farm
07:02 Arcane Sanctum
07:18 Blacksmith
07:20 Guard Tower
07:51 Scout Tower
07:56 Scout Tower
08:16 Scout Tower
08:21 Scout Tower
08:43 Workshop
08:48 Workshop
08:51 Workshop
08:56 Guard Tower
08:58 Guard Tower
10:03 Farm
10:33 Town Hall
10:44 Scout Tower
10:45 Scout Tower
10:46 Scout Tower
10:47 Scout Tower
11:17 Guard Tower
11:21 Guard Tower
11:34 Scout Tower
11:37 Scout Tower
11:56 Farm
12:37 Guard Tower
12:40 Guard Tower
12:55 Scout Tower
12:55 Scout Tower
13:03 Scout Tower
13:04 Scout Tower
13:05 Scout Tower
13:05 Scout Tower
13:32 Guard Tower
13:41 Guard Tower
13:53 Guard Tower
13:57 Guard Tower
14:25 Guard Tower
14:29 Scout Tower
14:30 Scout Tower
14:31 Scout Tower
14:32 Scout Tower
14:35 Scout Tower
14:36 Scout Tower
14:37 Scout Tower
14:37 Scout Tower
15:25 Guard Tower
15:28 Guard Tower
15:38 Scout Tower
15:52 Guard Tower
15:55 Scout Tower
15:57 Guard Tower
15:59 Scout Tower
16:23 Guard Tower
16:27 Scout Tower
16:29 Scout Tower
16:30 Scout Tower
16:30 Scout Tower
17:22 Guard Tower
17:55 Guard Tower
17:58 Guard Tower
18:13 Guard Tower
18:15 Scout Tower
18:16 Scout Tower
18:17 Scout Tower
18:20 Scout Tower
19:06 Guard Tower
» items
                
                | Healing Salve | 1 |  | 
| Lesser Clarity Potion | 1 |  | 
| Scroll of Speed | 1 |  | 
| Boots of Speed | 1 |  | 
| Circlet of Nobility | 1 |  | 
| Staff of Teleportation | 1 |  | 
| Scroll of Regeneration | 3 |  | 
| Potion of Healing | 1 |  | 
| Scroll of Town Portal | 1 |  | 
                11 total
  
                Chat log
          
(01:13 / All) GOKUMaN69: u good?
(01:17 / All) GOKUMaN69: ur clan good
(01:21 / All) GOKUMaN69: we need a new clan
(01:27 / All) GOKUMaN69: u play dota
(01:30 / All) iNt]Quim: come to our channel after we can talk
(01:32 / All) iNt]Quim: not much dota
(01:36 / All) iNt]Quim: here
(02:10 / All) GOKUMaN69: whats ur fav hero??
(02:14 / All) iNt]Quim: in dota
(02:15 / All) iNt]Quim: or war3
(02:19 / Allies) GOKUMaN69: war3
(19:57 / All) iNt]Quim: gg
(20:00 / All) GOKUMaN69: gg
(20:04 / All) GOKUMaN69: clan int?